 Dungeon Crawl Stone Soup version 0.18.1-47-g9310371 (webtiles) character file.

13385 Lul the Nimble (level 11, -2/89 HPs)
             Began as a Demonspawn Chaos Knight on June 14, 2016.
             Slain by a black mamba (9 damage)
             ... on level 2 of the Lair of Beasts.
             The game lasted 01:10:22 (15916 turns).

Lul the Nimble (Demonspawn Chaos Knight)           Turns: 15916, Time: 01:10:23

Health: -2/89      AC: 14    Str: 22    XL:     11   Next: 74%
Magic:  13/13      EV: 18    Int: 13    God:    Xom [.*....]
Gold:   239        SH:  0    Dex: 17    Spells: 0 memorised, 10 levels left

rFire  + + .     SeeInvis .     B - +6 scimitar of the Five Stars {elec, +Fly rElec Str-2 Dex+4}
rCold  + . .     Gourm    .     P - +4 ring mail {rF+}
rNeg   . . .     Faith    +     (no shield)
rPois  +         Spirit   .     (helmet restricted)
rElec  +         Dismiss  .     R - +0 cloak
rCorr  .         Reflect  .     C - +1 pair of gloves {Str+3}
SustAt .         Harm     .     (boots unavailable)
MR     .....     Rnd*Rage +     D - amulet of faith
Stlth  ++++......               m - ring of stealth
                                M - ring of protection from cold

@: mighty, not resistant to hostile enchantments, stealthy
A: antennae 1, talons 3, slimy green scales 2, berserk 1, deformed body, demonic
guardian 1, fire resistance 1, high mp 1, sense surroundings 1, poison
resistance, rot immunity
a: Renounce Religion, Evoke Flight


You were on level 2 of the Lair of Beasts.
You worshipped Xom.
You were a plaything of Xom.
You were not hungry.

You visited 2 branches of the dungeon, and saw 11 of its levels.
You also visited: Sewer and Volcano.

You collected 1006 gold pieces.
You spent 767 gold pieces at shops.

Inventory:

Hand Weapons
 a - a +4 falchion of chaos
 B - the +6 scimitar of the Five Stars (weapon) {elec, +Fly rElec Str-2 Dex+4}
   (You bought it in a shop on level 6 of the Dungeon)

   Occasionally, upon striking a foe, it will discharge some electrical energy
   and cause terrible harm.
   It affects your strength (-2).
   It affects your dexterity (+4).
   It insulates you from electricity.
   It lets you fly.
 H - a +3 dagger of chaos
 J - a +0 hand axe of protection (quivered)
Armour
 A - a +0 helmet of intelligence
 C - a +1 pair of gloves of strength (worn)
 I - a +1 ring mail of poison resistance
 P - a +4 ring mail of fire resistance (worn)
 R - a +0 cloak (worn)
Jewellery
 l - an uncursed amulet of guardian spirit
 m - a ring of stealth (right hand)
 t - an uncursed ring of stealth
 x - an uncursed ring of sustain attributes
 D - an amulet of faith (around neck)
 M - a ring of protection from cold (left hand)
Wands
 b - a wand of iceblast (7/15)
 d - a wand of iceblast (3/15)
 f - a wand of random effects (10/48)
 u - a wand of paralysis (0/24)
 y - a wand of random effects (20/48)
Scrolls
 e - 2 scrolls of recharging
 h - 2 scrolls of immolation
 i - 3 scrolls of noise
 j - 2 scrolls of blinking
 r - 4 scrolls of amnesia
 v - 5 scrolls of remove curse
 w - a scroll of identify
 L - a scroll of fog
Potions
 g - a potion of cure mutation
 k - 3 potions of brilliance
 n - a potion of curing
 p - a potion of agility {unknown}
 z - a potion of beneficial mutation {unknown}
 F - a potion of flight {unknown}
 O - a potion of berserk rage {unknown}
Books
 o - a book of Summonings

   Spells                             Type                      Level
   a - Recall                         Summoning/Translocation      3
   b - Aura of Abjuration             Summoning                    5
   c - Summon Demon                   Summoning                    5
   d - Summon Forest                  Summoning/Translocation      5
   e - Summon Mana Viper              Hexes/Summoning              5
   f - Shadow Creatures               Summoning                    6
 E - a book of the Warp

   Spells                             Type                      Level
   a - Recall                         Summoning/Translocation      3
   b - Gell's Gravitas                Hexes/Translocation          3
   c - Force Lance                    Conjuration/Translocation    4
   d - Warp Weapon                    Charms/Translocation         5
   e - Summon Forest                  Summoning/Translocation      5
Comestibles
 c - 9 bread rations
 q - 3 beef jerkies
 s - 3 fruits
 G - a meat ration


   Skills:
 + Level 9.0 Fighting
 + Level 8.8 Long Blades
 + Level 0.1 Throwing
 + Level 6.8 Armour
 + Level 9.6 Dodging
 + Level 6.8 Stealth
 + Level 1.7 Evocations


You had 10 spell levels left.
You didn't know any spells.

Dungeon Overview and Level Annotations

Branches:
Dungeon (8/15)             Temple (0/1) D:5            Lair (3/8) D:8
  Swamp: Lair:3-6    Shoals: Lair:3-6     Snake: Lair:3-6    Spider: Lair:3-6

Altars:
Ashenzari
Cheibriados
Dithmenos
Kikubaaqudgha
Okawaru
Trog
Xom
Yredelemnul
The Shining One

Shops:
D:6 [?[*}


Innate Abilities, Weirdness & Mutations

You have claws for feet.
You are mostly covered in slimy green scales (AC +3).
A weak demonic guardian rushes to your aid.
Your flesh is heat resistant.
You are immune to rotting.
You have a pair of small antennae on your head.
You tend to lose your temper in combat.
Armour fits poorly on your strangely shaped body.
You have an increased reservoir of magic (+10% MP).
You passively map a small area around you.
Your system is resistant to poisons.


Message History

You slash the black mamba! You claw the black mamba.
The black mamba is moderately wounded.
Your hound barely misses the black mamba.
The black mamba misses you.
Your hound barely misses the black mamba.
Drink which item? (? for menu, Esc to quit)
You feel very mighty all of a sudden. The black mamba bites you.
* * * LOW HITPOINT WARNING * * *
The black mamba bites you!
* * * LOW HITPOINT WARNING * * *
Your hound misses the black mamba. You closely miss the black mamba.
Your kick misses the black mamba.
The black mamba is moderately wounded.
The black mamba bites you.
* * * LOW HITPOINT WARNING * * *
Your hound closely misses the black mamba.
The black mamba bites you!
You die...
Xom chortles!

#.(.................
#..###P......P.....#
#P.# ##...####......
##.# #...## #...>PP
#..## #....# #......
#...###....# #......
##h..##....###......
#.S..F...###P......
#.@.....>####......
####......#......P#
##............##
#............#
#............#
#....#.##....#
##.....###...###
####......##.....#≈
##........[.......##


You could see a black mamba, a blink frog and a friendly hound.

Vanquished Creatures
  The ghost of Kloppie the Cleaver, a journeyman CeBe of Trog (Lair:1)
  Erolcha (D:8)
  Erica (Lair:2)
  3 deep elf magi (Volcano)
  The ghost of Kloppie the Chopper, a novice NaBe of Trog (D:4)
  Psyche (D:8)
  A spiny frog (Lair:1)
  3 komodo dragons (Lair:2)
  A rime drake (Lair:3)
  A two-headed ogre (Volcano)
  3 blink frogs (Lair:2)
  2 hogs (Volcano)
  A yak (D:8)
  A hippogriff (Lair:1)
  The ghost of tscho the Insei, an amateur MfTm of Fedhas (D:3)
  A mottled dragon (D:7)
  A steam dragon (D:6)
  A water moccasin (Lair:2)
  A hell hound (Volcano)
  4 porcupines
  2 orc warriors
  2 sky beasts (D:7)
  A black bear (D:6)
  3 ice beasts
  2 wasps
  A phantom (D:4)
  3 ogres (D:5)
  9 wolves (Lair:2)
  4 centaurs
  7 crocodiles
  A big kobold (shapeshifter) (D:8)
  3 big kobolds (Sewer)
  Blork the orc (D:6)
  7 giant frogs
  A wyvern skeleton (D:6)
  3 scorpions
  4 killer bees (D:8)
  An electric eel (Lair:2)
  A giant frog zombie (D:6)
  4 crimson imps
  A quasit (D:6)
  A hound (D:8)
  2 jellies (D:8)
  A gnoll shaman (D:6)
  3 orc priests
  8 orc wizards
  Ijyb (D:3)
  Terence (D:3)
  An iguana (D:6)
  2 worker ants
  A killer bee zombie (D:5)
  A sheep (D:8)
  A hound skeleton (D:7)
  A worker ant zombie (D:6)
  5 river rats (Sewer)
  10 adders
  12 gnolls
  2 shadow imps (D:7)
  7 oozes (Sewer)
  2 adder skeletons (D:4)
  An adder zombie (D:5)
  3 worms
  4 dart slugs
  5 giant geckos
  18 orcs
  7 giant cockroaches
  A goblin (shapeshifter) (D:2)
  5 hobgoblins
  14 jackals
  8 kobolds
  10 quokkas
  4 ball pythons
  A ball python zombie (D:6)
  9 bats
  A giant gecko zombie (D:6)
  10 giant newts
  8 goblins
  A quokka zombie (D:6)
  5 rats
268 creatures vanquished.

Vanquished Creatures (collateral kills)
  A very ugly thing (D:6)
  Harold (Lair:2)
  A soldier ant (Lair:3)
  A porcupine (Lair:3)
  An ogre (D:6)
  A wolf (Lair:2)
  A sky beast (D:5)
  A crocodile (Lair:1)
  2 giant frogs
  A gnoll (D:6)
  An adder (D:8)
  A worm (Sewer)
  A giant gecko (D:4)
  A kobold (Sewer)
  A quokka skeleton (D:6)
16 creatures vanquished.

Vanquished Creatures (others)
  3 fire vortices
  A fungus (Lair:1)
4 creatures vanquished.

Grand Total: 288 creatures vanquished

Notes
Turn   | Place    | Note
--------------------------------------------------------------
     0 | D:1      | Lul the Demonspawn Chaos Knight began the quest for the Orb.
     0 | D:1      | Reached XP level 1. HP: 18/18 MP: 1/1
   344 | D:1      | Gained mutation: You have sharp toenails. [demonic ancestry]
   344 | D:1      | Reached XP level 2. HP: 24/24 MP: 2/2
   351 | D:1      | Reached skill level 1 in Dodging
   362 | D:1      | XOM: harmless Erth miscast
   451 | D:1      | XOM: 2-stop teleportation journey
   627 | D:1      | XOM: give mutations
   627 | D:1      | Gained mutation: You possess an exceptional clarity of mind. [Xom's grace]
   627 | D:1      | Gained mutation: You have an increased reservoir of magic (+10% MP). [Xom's grace]
   692 | D:1      | XOM: swap monsters
   969 | D:2      | Reached XP level 3. HP: 27/29 MP: 3/3
  1008 | D:2      | Found a bloodstained altar of Trog.
  1229 | D:2      | XOM: god gift: wooden wand {god gift}
  1308 | D:2      | Reached skill level 1 in Stealth
  1340 | D:2      | XOM: polymorph giant gecko -> rat
  1342 | D:2      | Reached XP level 4. HP: 35/35 MP: 4/4
  1579 | D:2      | XOM: summons 2 hostile demons
  1923 | D:2      | XOM: scenery: create altars
  2145 | D:3      | XOM: stealth player
  2160 | D:3      | Noticed tscho's ghost (amateur MfTm)
  2164 | D:3      | XOM: polymorph jackal -> rat
  2172 | D:3      | XOM: confuse monster(s)
  2187 | D:3      | Killed tscho's ghost
  2187 | D:3      | Gained mutation: You are immune to rotting. [demonic ancestry]
  2187 | D:3      | Reached XP level 5. HP: 28/42 MP: 3/5
  2293 | D:3      | Found a glowing drain.
  2297 | Sewer    | Entered a sewer
  2558 | Sewer    | Gained mutation: A weak demonic guardian rushes to your aid. [demonic ancestry]
  2558 | Sewer    | Reached XP level 6. HP: 48/48 MP: 6/6
  2766 | Sewer    | XOM: enchant monster (good)
  3065 | Sewer    | XOM: divination: detect creatures
  3318 | Sewer    | HP: 2/49 [something (4)]
  3461 | Sewer    | XOM: vitrification
  3499 | Sewer    | XOM: polymorph worm -> wasp
  3504 | Sewer    | XOM: confuse monster(s)
  3513 | Sewer    | Paralysed by a wasp for 2 turns
  3532 | Sewer    | Gained mutation: You have razor-sharp toenails. [demonic ancestry]
  3532 | Sewer    | Reached XP level 7. HP: 18/55 MP: 2/8
  3710 | Sewer    | XOM: god gift: 17 stones
  3941 | D:3      | XOM: noise
  4010 | D:3      | Noticed Ijyb
  4035 | D:3      | Killed Ijyb
  4058 | D:3      | Found a snail-covered altar of Cheibriados.
  4072 | D:3      | Noticed Terence
  4089 | D:3      | Killed Terence
  4089 | D:3      | Reached skill level 1 in Evocations
  4251 | D:4      | Found a basalt altar of Yredelemnul.
  4335 | D:4      | Found a shattered altar of Ashenzari.
  4335 | D:4      | Found a glowing golden altar of the Shining One.
  4342 | D:4      | Noticed Kloppie's ghost (novice NaBe)
  4342 | D:4      | XOM: confuse monster(s)
  4369 | D:4      | XOM: confuse monster(s)
  4389 | D:4      | XOM: potion effect (agility)
  4419 | D:4      | Killed Kloppie's ghost
  4419 | D:4      | Reached skill level 5 in Fighting
  4662 | D:4      | Gained mutation: You have claws for feet. [demonic ancestry]
  4662 | D:4      | Reached XP level 8. HP: 57/62 MP: 7/9
  4690 | D:4      | XOM: mild Erth miscast
  4754 | D:4      | XOM: harmless Necr miscast
  5105 | D:5      | Entered Level 5 of the Dungeon
  5119 | D:5      | XOM: polymorph gnoll -> quokka
  5151 | D:5      | Reached skill level 5 in Dodging
  5357 | D:5      | Found a staircase to the Ecumenical Temple.
  5424 | D:5      | XOM: divination: magic mapping
  5428 | D:5      | XOM: silly message
  5572 | D:5      | Reached skill level 5 in Long Blades
  5732 | D:5      | Found a shattered altar of Ashenzari.
  6120 | D:6      | Found Jonlulof's Quality Used Wands.
  6134 | D:6      | Found Wargheopp's Assorted Antiques.
  6173 | D:6      | Found Ijiap's Antique Armour Shoppe.
  6181 | D:6      | Bought a shiny helmet for 90 gold pieces
  6181 | D:6      | Bought a pair of embroidered gloves for 90 gold pieces
  6211 | D:6      | Found a shadowy altar of Dithmenos.
  6331 | D:6      | Found a shimmering altar of Xom.
  6331 | D:6      | Found an iron altar of Okawaru.
  6334 | D:6      | Found an ancient bone altar of Kikubaaqudgha.
  6341 | D:6      | Noticed Blork the orc
  6372 | D:6      | Killed Blork the orc
  6372 | D:6      | Reached skill level 5 in Stealth
  6372 | D:6      | Gained mutation: You are partially covered in slimy green scales (AC +2). [demonic ancestry]
  6372 | D:6      | Reached XP level 9. HP: 60/69 MP: 7/10
  6386 | D:6      | XOM: god gift: scale mail {god gift}
  6405 | D:6      | XOM: harmless Tloc miscast
  6574 | D:6      | Found Koroisuett's Magic Scroll Boutique.
  6709 | D:6      | XOM: harmless Ice miscast
  6727 | D:6      | XOM: mild Divn miscast
  6869 | D:6      | Found Hozim's Antique Armour Emporium.
  7168 | D:7      | XOM: mild Fire miscast
  7170 | D:7      | XOM: smoke on damage
  7174 | D:7      | XOM: noise
  7446 | D:7      | XOM: summons 5 hostile shadow creatures
  7645 | D:7      | XOM: give mutations
  7645 | D:7      | Lost mutation: You possess an exceptional clarity of mind. [Xom's mischief]
  7645 | D:7      | Gained mutation: Your mind is acute. (Int +2) [Xom's mischief]
  7645 | D:7      | Gained mutation: You occasionally shout uncontrollably at your foes. [Xom's mischief]
  7645 | D:7      | Lost mutation: Your mind is acute. (Int +2) [Xom's mischief]
  7718 | D:7      | XOM: summons 1 hostile demon
  7904 | D:7      | XOM: give mutation
  7904 | D:7      | Gained mutation: Scrolls take you a little longer to read. [Xom's mischief]
  7976 | D:7      | XOM: harmless Erth miscast
  8068 | D:7      | XOM: give mutations
  8068 | D:7      | Gained mutation: You passively map a small area around you. [Xom's mischief]
  8068 | D:7      | Lost mutation: You occasionally shout uncontrollably at your foes. [Xom's mischief]
  8069 | D:7      | XOM: 1-stop teleportation journey
  8206 | D:7      | XOM: give mutations
  8206 | D:7      | Gained mutation: Armour fits poorly on your strangely shaped body. [Xom's mischief]
  8206 | D:7      | Lost mutation: Scrolls take you a little longer to read. [Xom's mischief]
  8206 | D:7      | Gained mutation: You are clumsy. (Dex -2) [Xom's mischief]
  8252 | D:7      | XOM: 1-stop teleportation journey
  8322 | D:7      | XOM: vitrification
  8481 | D:7      | XOM: scenery: create altars
  8567 | D:7      | XOM: mild Air miscast
  8954 | D:7      | XOM: polymorph giant frog -> mottled dragon
  9114 | D:6      | XOM: repel stairs
  9170 | D:6      | XOM: polymorph killer bee -> steam dragon
  9172 | D:6      | Noticed a cyan very ugly thing
  9193 | D:6      | XOM: cast spell 'Monstrous Menagerie'
  9205 | D:6      | HP: 3/71 [purple very ugly thing (24)]
  9207 | D:6      | Killed a purple very ugly thing
  9207 | D:6      | Gained mutation: You are mostly covered in slimy green scales (AC +3). [demonic ancestry]
  9207 | D:6      | Reached XP level 10. HP: 3/79 MP: 11/11
  9214 | D:6      | Gained mutation: Your mind is acute. (Int +2) [mutagenic meat]
  9329 | D:6      | XOM: mild Fire miscast
  9434 | D:6      | XOM: 1-stop teleportation journey
  9452 | D:6      | XOM: harmless Summ miscast
  9676 | D:6      | XOM: mild Tloc miscast
  9820 | D:6      | XOM: confusion
  9953 | D:6      | Bought a scroll of enchant weapon for 97 gold pieces
  9953 | D:6      | Bought a scroll of enchant weapon for 97 gold pieces
  9955 | D:6      | Bought a scroll of blinking for 97 gold pieces
  9975 | D:6      | Bought a smoking scimitar for 216 gold pieces
  9975 | D:6      | Identified the +6 scimitar of the Five Stars {elec, +Fly rElec Str-2 Dex+4} (You bought it in a shop on level 6 of the Dungeon)
  9995 | D:6      | Bought a runed ring mail for 80 gold pieces
 10119 | D:8      | Noticed Erolcha
 10128 | D:8      | Killed Erolcha
 10184 | D:8      | XOM: severe Erth miscast
 10307 | D:8      | Noticed Psyche
 10312 | D:8      | Killed Psyche
 10418 | D:8      | Found a staircase to the Lair.
 10418 | D:8      | XOM: 1-stop teleportation journey
 10419 | D:8      | Noticed an elephant
 10449 | D:8      | XOM: give mutations
 10449 | D:8      | Lost mutation: Your mind is acute. (Int +2) [Xom's mischief]
 10449 | D:8      | Gained mutation: You are dopey. (Int -2) [Xom's mischief]
 10451 | D:8      | XOM: harmless Fire miscast
 10452 | D:8      | XOM: confusion
 10457 | D:8      | Noticed a glowing shapeshifter
 10457 | D:8      | an elephant changed into a glowing shapeshifter
 10457 | D:8      | XOM: polymorph elephant -> glowing shapeshifter
 10465 | D:8      | Noticed a guardian serpent
 10465 | D:8      | a boulder beetle changed into a guardian serpent
 10474 | D:8      | Noticed a harpy
 10599 | D:8      | a harpy changed into a basilisk
 11322 | D:8      | XOM: noise
 11370 | Lair:1   | Entered Level 1 of the Lair of Beasts
 11481 | Lair:1   | Noticed Kloppie's ghost (journeyman CeBe)
 11484 | Lair:1   | XOM: blink monster(s)
 11502 | Lair:1   | XOM: blink monster(s)
 11761 | Lair:1   | Noticed a spiny frog
 11770 | Lair:1   | XOM: divination: detect creatures
 11772 | Lair:1   | Killed a spiny frog
 11881 | Lair:1   | Killed Kloppie's ghost
 11881 | Lair:1   | Reached skill level 5 in Armour
 12000 | Lair:1   | XOM: medium Summ miscast
 12047 | Lair:1   | XOM: vitrification
 12313 | Lair:1   | XOM: swap monsters
 12317 | Lair:1   | XOM: harmless Trmt miscast
 12407 | Lair:1   | XOM: summons 3 friendly demons
 12411 | Lair:1   | Gained mutation: Your flesh is heat resistant. [demonic ancestry]
 12411 | Lair:1   | Reached XP level 11. HP: 86/86 MP: 13/13
 12442 | Lair:1   | XOM: noise
 12701 | Lair:2   | Found a dark tunnel.
 12708 | Volcano  | Entered a volcano
 12742 | Volcano  | Noticed a deep elf mage
 12744 | Volcano  | Killed a deep elf mage
 12745 | Volcano  | Noticed a deep elf mage
 12747 | Volcano  | Killed a deep elf mage
 12887 | Volcano  | Noticed a deep elf mage
 12944 | Volcano  | XOM: 1-stop teleportation journey
 12946 | Volcano  | XOM: scenery: 1 doors close
 12947 | Volcano  | XOM: divination: detect creatures
 12950 | Volcano  | XOM: divination: magic mapping
 12962 | Volcano  | Killed a deep elf mage
 13550 | Volcano  | XOM: 2-stop teleportation journey
 13727 | Lair:2   | XOM: confuse monster(s)
 13764 | Lair:2   | XOM: divination: detect items
 13774 | Lair:2   | XOM: confuse monster(s)
 13874 | Lair:2   | XOM: mild Fire miscast
 13980 | Lair:2   | XOM: colour smoke trail
 14009 | Lair:2   | XOM: medium Pois miscast
 14033 | Lair:2   | XOM: confuse monster(s)
 14135 | Lair:2   | XOM: 2-stop teleportation journey
 14297 | Lair:2   | XOM: confusion (+ monsters)
 14308 | Lair:2   | Noticed Harold
 14328 | Lair:2   | Killed Harold
 14331 | Lair:2   | Noticed Erica
 14332 | Lair:2   | XOM: blink monster(s)
 14333 | Lair:2   | XOM: noise
 14336 | Lair:2   | XOM: enchant monster (bad)
 14352 | Lair:2   | Killed Erica
 14643 | Lair:2   | XOM: polymorph crimson imp -> shadow imp
 14654 | Lair:2   | XOM: summons 5 hostile demons
 14790 | Lair:2   | XOM: fog
 15030 | Lair:2   | XOM: summons 2 hostile demons
 15317 | Lair:2   | XOM: vitrification
 15327 | Lair:3   | XOM: give mutations
 15327 | Lair:3   | Lost mutation: You are dopey. (Int -2) [Xom's grace]
 15327 | Lair:3   | Gained mutation: Your system is resistant to poisons. [Xom's grace]
 15327 | Lair:3   | Gained mutation: You have a pair of small antennae on your head. [Xom's grace]
 15355 | Lair:3   | XOM: vitrification
 15367 | Lair:3   | XOM: divination: magic mapping
 15538 | Lair:3   | XOM: cast spell 'Death Channel'
 15539 | Lair:3   | XOM: polymorph spiny frog -> soldier ant
 15639 | Lair:3   | XOM: fog
 15658 | Lair:2   | XOM: scenery: create altars
 15742 | Lair:2   | XOM: god gift: 3 silver javelins
 15795 | Lair:2   | XOM: god gift: viscous silvery potion
 15797 | Lair:2   | Gained mutation: You tend to lose your temper in combat. [potion of mutation]
 15797 | Lair:2   | Lost mutation: You are clumsy. (Dex -2) [potion of mutation]
 15815 | Lair:3   | XOM: noise
 15910 | Lair:2   | XOM: cast spell 'Call Canine Familiar'
 15913 | Lair:2   | XOM: repel stairs
 15916 | Lair:2   | Slain by a black mamba

Skill      XL: |  1  2  3  4  5  6  7  8  9 10 11 |
---------------+----------------------------------+-----
Long Blades    | 3 4 5 6 7 8 |  8.8
Dodging        | 1 2 3 4 6 8 9 |  9.6
Stealth        | 1 2 3 4 5 6 |  6.8
Armour         | 2 3 4 5 6 |  6.8
Fighting       | 4 5 7 8 9 |  9.0
Evocations     | 1 |  1.7
Throwing       | |  0.1

Action                   |  1- 3 |  4- 6 |  7- 9 | 10-12 || total
-------------------------+-------+-------+-------+-------++-------
Melee: Falchion          |   108 |   260 |   512 |    28 ||   908
       Kick              |    15 |    60 |   149 |    92 ||   316
       Scimitar          |       |       |       |   304 ||   304
 Abil: Evoke Flight      |       |       |       |     1 ||     1
Evoke: Wand              |     3 |     5 |     5 |       ||    13
  Use: Scroll            |    10 |     7 |     3 |    12 ||    32
       Potion            |       |     5 |     4 |     9 ||    18
 Stab: Sleeping          |     2 |     6 |    12 |    11 ||    31
       Paralysed         |     6 |     5 |       |       ||    11
       Confused          |       |     2 |       |       ||     2
       Distracted        |       |       |     3 |     4 ||     7
       Petrified         |       |       |     1 |       ||     1
  Eat: Chunk             |     1 |     4 |     9 |    17 ||    31
       Fruit             |       |     1 |     1 |     4 ||     6
       Royal jelly       |       |     1 |       |       ||     1
       Meat ration       |       |       |     2 |       ||     2
       Bread ration      |       |       |       |     1 ||     1
       Pizza             |       |       |       |     1 ||     1
       Beef jerky        |       |       |       |     1 ||     1
Armor: Leather armour    |    40 |    66 |   168 |    10 ||   284
       Skin              |       |     8 |       |       ||     8
       Ring mail         |       |       |       |    60 ||    60
Dodge: Dodged            |    87 |   161 |   377 |   240 ||   865
